 Dungeon Crawl Stone Soup version 0.27.1-1-g398f81649c (webtiles) character file.

Game seed: 88470019039658646

244 nxtlvl the Skirmisher (level 5, -4/50 HPs)
             Began as a Minotaur Necromancer on Sept 10, 2021.
             Slain by an iguana (6 damage)
             ... on level 4 of the Dungeon.
             The game lasted 00:11:44 (1690 turns).

nxtlvl the Skirmisher (Minotaur Necromancer)        Turns: 1690, Time: 00:11:45

Health: -4/50      AC:  8    Str: 14    XL:     5   Next: 83%
Magic:  6/6        EV:  6    Int: 12    God:
Gold:   143        SH:  0    Dex: 10    Spells: 5/6 levels left

rFire    . . .     SeeInvis .   a - +0 long sword
rCold    . . .     Faith    .   (no shield)
rNeg     . . .     Spirit   .   c - +0 chain mail
rPois    +         Reflect  .   (helmet restricted)
rElec    .         Harm     .   (no cloak)
rCorr    .         Rampage  .   (no gloves)
Will     .....                  (no boots)
Stlth    ..........             (no amulet)
HPRegen  0.16/turn              m - ring of poison resistance
MPRegen  0.10/turn              (no ring)

@: no status effects
A: horns 2, retaliatory headbutt
a: no special abilities


You were on level 4 of the Dungeon.
You visited 1 branch of the dungeon, and saw 4 of its levels.

You collected 143 gold pieces.

Inventory:

Hand Weapons
 a - a +0 long sword (weapon)
 b - a +0 fustibalus
 q - a +0 hand crossbow
Missiles
 h - 42 bolts
 k - 8 sling bullets
 l - 25 arrows
Armour
 c - a +0 chain mail (worn)
Magical Staves
 f - a staff of conjuration
Jewellery
 m - a ring of poison resistance (left hand)
Scrolls
 d - a scroll of identify {unknown}
 e - 2 scrolls of fear {unknown}
 o - a scroll of enchant armour {unknown}
Potions
 g - a potion of berserk rage {unknown}
 i - a potion of invisibility {unknown}
 j - a potion of flight {unknown}
 n - a potion of cancellation {unknown}
 p - a potion of lignification {unknown}


   Skills:
 - Level 6.1 Fighting
 * Level 3.0 Long Blades
 - Level 2.1 Dodging
 - Level 1.5 Stealth
 - Level 1.3 Spellcasting
 - Level 2.9 Necromancy


You had 5 spell levels left.
You knew the following spells:

 Your Spells              Type           Power      Damage    Failure   Level
a - Pain                  Necr           28%        1d5       95%         1

Your spell library contained the following spells:

 Spells                   Type           Power      Damage    Failure   Level
 Animate Skeleton         Necr           14%        N/A       95%         1
 Summon Small Mammal      Summ           0%         N/A       100%        1
 Ensorcelled Hibernation  Hex/Ice        0%         N/A       100%        2
 Call Canine Familiar     Summ           0%         N/A       100%        3
 Ozocubu's Armour         Ice            0%         N/A       100%        3
 Spider Form              Tmut/Pois      0%         N/A       100%        3
 Summon Guardian Golem    Hex/Summ       0%         N/A       100%        3
 Vampiric Draining        Necr           3%         2d6       100%        3
 Animate Dead             Necr           3%         N/A       100%        4
 Agony                    Necr           7%         N/A       100%        5
 Shadow Creatures         Summ           N/A        N/A       100%        6
 Ozocubu's Refrigeration  Ice            0%         4d5       100%        7


Dungeon Overview and Level Annotations

Branches:
Dungeon (4/15)
 Temple: D:4-7

Altars:

Shops:
D:2 *


Innate Abilities, Weirdness & Mutations

You have a pair of horns on your head.
You reflexively headbutt those who attack you in melee.


Message History

a +0 dagger; an adder corpse; a goblin corpse The iguana hisses menacingly.
There is an open door here.
You hit the iguana but do no damage.
The iguana is moderately wounded.
The iguana bites you but does no damage.
You closely miss the iguana.
The iguana is moderately wounded.
The iguana bites you!
* * * LOW HITPOINT WARNING * * *
The iguana bites you but does no damage.
The iguana hisses menacingly.
There is an open door here.
Things that are here:
a +0 dagger; an adder corpse; a goblin corpse The iguana barely misses you.
The iguana bites you but does no damage.
You closely miss the iguana.
The iguana is moderately wounded.
The iguana bites you.
* * * LOW HITPOINT WARNING * * *
You slash the iguana!
The iguana is severely wounded.
The iguana barely misses you.
You closely miss the iguana.
The iguana is severely wounded.
The iguana bites you.
* * * LOW HITPOINT WARNING * * *
The iguana barely misses you.
You riposte.
You hit the iguana but do no damage.
The iguana is severely wounded.
Your chain mail prevents you from hitting the iguana.
The iguana is severely wounded.
The iguana hisses menacingly.
The iguana bites you.
* * * LOW HITPOINT WARNING * * *
You barely miss the iguana.
You headbutt the iguana, but do no damage.
The iguana is severely wounded.
The iguana bites you.
You die...

#### #... ########## #.##
#........# #†#
#.######.#########.##
######.######>#...........
#......##........######.##
#......##.###.#...## #.##
#........@###......# #.##
#.........l...#...## #..)
#.....##########.## ####
###.### #.# # #.# #.# #.
#.# ##'## #.# #.# ##...##
#.# #.#### ##.....###.#
#.##.## ##.......###


You could see an iguana.

Vanquished Creatures
  A water moccasin skeleton (D:4)
  An iguana (D:2)
  Natasha (thrice) (D:3)
  An adder (D:4)
  A worm (D:2)
  3 dart slugs
  An orc (D:3)
  4 ball pythons
  3 bats (D:2)
  10 endoplasms
  2 giant cockroaches (D:1)
  12 hobgoblins
  4 jackals (D:1)
  3 quokkas
  5 frilled lizards
  5 goblins
  9 kobolds
  5 rats
73 creatures vanquished.

Notes
Turn   | Place    | Note
-------+----------+-------------------------------------------
     0 | D:1      | nxtlvl the Minotaur Necromancer began the quest for the
                  | Orb.
     0 | D:1      | Reached XP level 1. HP: 14/14 MP: 1/1
    42 | D:1      | Reached skill level 1 in Fighting
   160 | D:1      | Found a faded altar of an unknown god.
   169 | D:1      | Reached skill level 2 in Fighting
   171 | D:1      | Reached XP level 2. HP: 23/24 MP: 3/3
   304 | D:1      | Reached skill level 3 in Fighting
   442 | D:2      | Reached XP level 3. HP: 29/31 MP: 4/4
   638 | D:2      | Found Guishry's General Store.
   643 | D:2      | Reached skill level 4 in Fighting
   797 | D:2      | Reached XP level 4. HP: 41/41 MP: 5/5
  1053 | D:3      | Noticed Natasha
  1064 | D:3      | Killed Natasha
  1065 | D:3      | Reached skill level 5 in Fighting
  1092 | D:3      | Noticed Natasha
  1101 | D:3      | Killed Natasha
  1102 | D:3      | Reached XP level 5. HP: 39/50 MP: 6/6
  1163 | D:3      | Noticed Natasha
  1177 | D:3      | Killed Natasha
  1178 | D:3      | Reached skill level 6 in Fighting
  1451 | D:4      | Reached skill level 1 in Long Blades
  1689 | D:4      | HP: 2/50 [iguana (4)]
  1690 | D:4      | Slain by an iguana

Illustrated notes

Levels and vault maps discovered:
D:1:      tarquinn_simple_flora_water_d, layout_loops_ring,
          ebering_ecumenical_altar_rust
D:2:      layout_basic, serial_shops, shop
D:3:      layout_rooms, kennysheep_generic_room_10, uniq_natasha
D:4:      layout_loops_corners, dk_vineyard_3

Skill      XL: |  1  2  3  4  5 |
---------------+----------------+-----
Fighting       | 2 3 4 5 6 |  6.1
Long Blades    | 3 |  3.0
Dodging        | |  2.1
Stealth        | |  1.5
Spellcasting   | |  1.3
Necromancy     | |  2.9

Action                   |  1- 3 |  4- 6 || total
-------------------------+-------+-------++-------
Melee: Staff             |    45 |       ||    45
       Headbutt          |    15 |    10 ||    25
       Short sword       |    76 |    18 ||    94
       Long sword        |       |    39 ||    39
 Fire: Fustibalus        |    18 |    40 ||    58
Armor: Chain mail        |    77 |    32 ||   109
Dodge: Dodged            |    37 |    15 ||    52
       Rpst.: Long sword |       |     1 ||     1
